 Dungeon Crawl Stone Soup version 0.25.1-2-g60ff931df9 (webtiles) character file.

Game seed: 972013712339234405

221 hawla the Chopper (level 5, -4/47 HPs)
             Began as a Hill Orc Monk on Oct 25, 2020.
             Was a Believer of Beogh.
             Killed from afar by Natasha (5 damage)
             ... with a magic dart
             ... on level 2 of the Dungeon.
             The game lasted 00:07:06 (3771 turns).

hawla the Chopper (Hill Orc Monk)                   Turns: 3771, Time: 00:07:07

Health: -4/47      AC:  3    Str: 15    XL:     5   Next: 98%
Magic:  0/5        EV: 13    Int: 10    God:    Beogh [**....]
Gold:   121        SH:  0    Dex: 13    Spells: 4/4 levels left

rFire    + . .     SeeInvis +   a - +0 hand axe
rCold    . . .     Gourm    .   (no shield)
rNeg     + . .     Faith    .   p - +0 leather armour {rN+}
rPois    .         Spirit   +   (no helmet)
rElec    .         Reflect  .   (no cloak)
rCorr    .         Harm     .   (no gloves)
MR       .....                  (no boots)
Stlth    ++........             i - amulet of guardian spirit
HPRegen  0.15/turn              g - ring of see invisible
MPRegen  0.09/turn              m - ring of protection from fire

@: slowed, very slow
A: no striking features
a: Smiting, Renounce Religion


You were on level 2 of the Dungeon.
You worshipped Beogh.
Beogh was pleased with you.
You were not hungry.

You visited 1 branch of the dungeon, and saw 3 of its levels.

You collected 121 gold pieces.

Inventory:

Hand Weapons
 a - a +0 hand axe (weapon)
Armour
 p - a +0 leather armour of positive energy (worn)
Jewellery
 g - a ring of see invisible (left hand)
 i - an amulet of guardian spirit (around neck)
 m - a ring of protection from fire (right hand)
Wands
 f - a wand of random effects (14)
Scrolls
 d - a scroll of teleportation
 l - a scroll of enchant weapon {unknown}
Potions
 b - a potion of flight
 o - a potion of curing
Comestibles
 c - 5 rations


   Skills:
 + Level 4.4 Fighting
 + Level 6.4 Axes
 + Level 1.1 Armour
 + Level 3.3 Dodging
 + Level 2.2 Stealth


You had 4 spell levels left.
You didn't know any spells.
Your spell library was empty.

Dungeon Overview and Level Annotations

Branches:
Dungeon (3/15)

Altars:

Annotations:
D:2 Natasha


Message History

You miss Natasha.
Natasha is almost dead.
You hit the iron imp but do no damage.
Your leather armour prevents you from hitting the white imp.
You hit the shadow imp. The shadow imp misses you.
The iron imp laughs crazily.
The iron imp closely misses you. Natasha casts a spell at you.
The magic dart hits you!
* * * LOW HITPOINT WARNING * * *
The white imp grinds its teeth.
The white imp gestures at you. The puff of frost hits you.
* * * LOW HITPOINT WARNING * * *
The shadow imp completely misses you.
The iron imp summons a swarm of flies.
The iron imp closely misses you. Natasha casts a spell at you.
The magic dart hits you.
You die...

#.....#.......
##....##......
##..5.....#...
#............#
#########.#.)......#
#.........#........#
#.........#.........
#..5h.....#......##.
#..@5....##.........
#...5............###
#........##......#
#........##......#
#........##......###
#...................
#........##..#######
#........##..#
###########..#


You could see an iron imp (summoned), Natasha, a white imp (summoned) and a
shadow imp (summoned).

Vanquished Creatures
  2 orc wizards (D:1)
  Natasha (twice) (D:2)
  Robin (D:2)
  A gnoll (D:1)
  5 adders
  A worm (D:2)
  A leopard gecko (D:2)
  2 orcs
  3 giant cockroaches
  11 goblins
  2 hobgoblins
  4 jackals (D:1)
  7 bats
  2 frilled lizards (D:2)
  4 kobolds
  7 rats
55 creatures vanquished.

Vanquished Creatures (others)
  An orc priest (D:2)
  4 goblins (D:2)
5 creatures vanquished.

Grand Total: 60 creatures vanquished

Notes
Turn   | Place    | Note
-------+----------+-------------------------------------------
     0 | D:1      | hawla the Hill Orc Monk began the quest for the Orb.
     0 | D:1      | Reached XP level 1. HP: 19/19 MP: 1/1
   303 | D:1      | Reached XP level 2. HP: 20/27 MP: 2/2
   659 | D:1      | Reached XP level 3. HP: 3/33 MP: 3/3
  1550 | D:1      | Reached skill level 5 in Axes
  1550 | D:1      | Reached XP level 4. HP: 28/40 MP: 2/4
  1850 | D:2      | Became a worshipper of Beogh the Brigand
  1850 | D:2      | Reached * piety under Beogh
  1850 | D:2      | Reached ** piety under Beogh
  2073 | D:2      | Noticed Robin
  2349 | D:2      | Killed Robin
  2349 | D:2      | Reached XP level 5. HP: 44/47 MP: 5/5
  3110 | D:2      | Reached skill level 6 in Axes
  3346 | D:2      | Noticed Natasha
  3352 | D:2      | Reached skill level 1 in Armour
  3357 | D:2      | Killed Natasha
  3450 | D:2      | Noticed Natasha
  3463 | D:2      | HP: 2/47 [Natasha (4)]
  3466 | D:2      | Killed Natasha
  3537 | D:2      | Noticed Natasha
  3770 | D:2      | HP: 1/47 [white imp/puff of frost[Natasha] (4)]
  3771 | D:2      | Killed from afar by Natasha

Illustrated notes

Levels and vault maps discovered:
D:1:      dpeg_arrival_houses_and_road, layout_loops_ring
D:2:      layout_rooms, uniq_robin, uniq_natasha
D:3:      layout_loops_ring, tgw_trog, regret_index_temple_of_mockery

Skill      XL: |  1  2  3  4  5 |
---------------+----------------+-----
Fighting       | 4 |  4.4
Axes           | 5 6 |  6.4
Dodging        | 3 |  3.3
Stealth        | 2 |  2.2
Armour         | 1 |  1.1

Action                   |  1- 3 |  4- 6 || total
-------------------------+-------+-------++-------
Melee: Hand axe          |    84 |   145 ||   229
Invok: Convert to Beogh  |       |     1 ||     1
Evoke: Wand              |       |     1 ||     1
  Use: Potion            |       |     5 ||     5
       Scroll            |       |     3 ||     3
 Stab: Sleeping          |     2 |     2 ||     4
  Eat: Chunk             |     1 |     8 ||     9
Armor: Robe              |    17 |       ||    17
       Leather armour    |     3 |    25 ||    28
Dodge: Dodged            |    69 |   124 ||   193
